 Dungeon Sprint DCSS version 0.26-b1-45-g23770d1d51 (webtiles) character file.

Game seed: 712123880898146597

34 radhat240 the Shield-Bearer (level 3, -10/36 HPs)
             Began as a Minotaur Fighter on Jan 6, 2021.
             Splashed by an oklob sapling's acid (13 damage)
             ... in the Dungeon (Sprint IV: "Fedhas' Mad Dash").
             The game lasted 00:01:38 (66 turns).

radhat240 the Shield-Bearer (Minotaur Fighter)        Turns: 66, Time: 00:01:38

Health: -10/36     AC:  3    Str: 21    XL:     3   Next: 14%
Magic:  2/2        EV:  7    Int:  5    God:
Gold:   32         SH: 10    Dex:  9    Spells: 2/2 levels left

rFire    . . .     SeeInvis .   a - +0 war axe
rCold    . . .     Faith    .   c - +0 kite shield
rNeg     . . .     Spirit   .   b - +0 scale mail
rPois    .         Reflect  .   (helmet restricted)
rElec    .         Harm     .   (no cloak)
rCorr    .         Rampage  .   (no gloves)
Will     .....     NoTele   +   (no boots)
Stlth    ..........             j - amulet of invisibility {+Inv}
HPRegen  0.12/turn              (no ring)
MPRegen  0.08/turn              (no ring)

@: corroded
A: retaliatory headbutt, horns 2
a: Evoke Invisibility


You were in the Dungeon.
You visited 1 branch You collected 32 gold pieces.

Inventory:

Hand Weapons
 a - a +0 war axe (weapon)
Armour
 b - a +0 scale mail (worn)
 c - a +0 kite shield (worn)
Jewellery
 j - the amulet of invisibility (around neck) {+Inv}
   (You found it in the Dungeon)

   [amulet of nothing]

   It lets you turn invisible.
Potions
 d - a potion of might
 g - a potion of haste
 h - 2 potions of magic
 i - a potion of berserk rage


   Skills:
 + Level 5.3 Fighting
 + Level 4.0 Axes
 + Level 5.3 Armour
 + Level 5.3 Shields


You had 2 spell levels left.
You didn't know any spells.
Your spell library was empty.

Dungeon Overview and Level Annotations

Branches:
Dungeon (1/1)

Altars:
Cheibriados
Gozag
Hepliaklqana
Makhleb
Nemelex Xobeh
Ru
Sif Muna
Trog
Wu Jian
Xom
Yredelemnul
Beogh
Jiyva

Annotations:
D exclusion: 3 oklob saplings


Innate Abilities, Weirdness & Mutations

You reflexively headbutt those who attack you in melee.
You have a pair of horns on your head.


Message History

Marking area around an oklob sapling as unsafe for travelling.
Found three altars.
There is an open door here.
You open the door.
An oklob sapling comes into view.
Marking area around an oklob sapling as unsafe for travelling.
Found 12 gold pieces.
The oklob sapling spits acid at you. The splash of acid hits you!
The acid corrodes you!
You are splashed with acid!
Found 13 gold pieces.
There is an open door here.
You feel better.
You hit the oklob sapling but do no damage.
You headbutt the oklob sapling, but do no damage.
You hit the oklob sapling but do no damage.
The oklob sapling spits acid at you. The splash of acid hits you!
* * * LOW HITPOINT WARNING * * *
You are splashed with acid!
You die...

#########################*******
#<...#.....#.$...#.⌠._._._,_,⌠,*
#....'.)...'.#...'.._._._,_,_,,+
#....#.†...#P#...#..._._P_,_,,,*
############*##'##.._._._,_,_,,*
*,,,*,,,,,,,,+.@.#._._._._,_,⌠,*
*,,,,,,*,,,,,#$P$########*******
*,,,,,*,,*,,*#####*****,,*,***,+
**+****+******,,+,,,,,,*,,***,,*
*,,*,,,,+,,,,,,,**,,***,*,,***,*
*,,*,,***,,,,,,,*,**,,*,,,*+,,,*
********************************
*,,,,,,,,,,,,,,,,,,,,,,* ***,,
*∩,,,,,,,,,,,,,,,,,,,,,*****,,,*


You could see an oklob sapling.

Vanquished Creatures
  A worker ant (D)
  A river rat (D)
  A rat (D)
3 creatures vanquished.

Vanquished Creatures (others)
  7 fungi (D)
7 creatures vanquished.

Grand Total: 10 creatures vanquished

Notes
Turn   | Place    | Note
-------+----------+-------------------------------------------
     0 | D        | radhat240 the Minotaur Fighter began the quest for the Orb.
     0 | D        | Reached XP level 1. HP: 19/19 MP: 0/0
    18 | D        | Reached XP level 2. HP: 21/28 MP: 1/1
    27 | D        | Noticed an oklob sapling
    29 | D        | Found the amulet of invisibility {+Inv}
    36 | D        | Reached skill level 5 in Fighting
    36 | D        | Reached skill level 5 in Armour
    36 | D        | Reached skill level 5 in Shields
    36 | D        | Reached XP level 3. HP: 35/36 MP: 2/2
    57 | D        | Found an opulent altar of Gozag.
    57 | D        | Found a hazy altar of Hepliaklqana.
    57 | D        | Found a burning altar of Makhleb.
    57 | D        | Found a roughly hewn altar of Beogh.
    57 | D        | Found a sparkling altar of Nemelex Xobeh.
    57 | D        | Found a snail-covered altar of Cheibriados.
    57 | D        | Found a sacrificial altar of Ru.
    57 | D        | Found a shimmering blue altar of Sif Muna.
    57 | D        | Found a shimmering altar of Xom.
    57 | D        | Found a basalt altar of Yredelemnul.
    58 | D        | Found a viscous altar of Jiyva.
    58 | D        | Found a bloodstained altar of Trog.
    58 | D        | Found an ornate altar of the Wu Jian Council.
    58 | D        | Noticed an oklob sapling priest
    61 | D        | Noticed an oklob sapling
    66 | D        | Splashed by an oklob sapling's acid

Illustrated notes

Levels and vault maps discovered:
D:        dungeon_sprint_fedhas [sprint_temple]

Skill      XL: |  1  2 |
---------------+-------+-----
Fighting       | 4 5 |  5.3
Armour         | 4 5 |  5.3
Shields        | 4 5 |  5.3
Axes           | 4 |  4.0

Action                   || total
-------------------------++-------
Melee: War axe           ||    16
       Headbutt          ||     5
  Use: Scroll            ||     2
       Potion            ||     2
Armor: Scale mail        ||     5
Dodge: Dodged            ||     4
Block: Kite shield       ||     2
